 Dungeon Crawl Stone Soup version 0.28-a0-728-g0181a31188 (webtiles) character file.

Game seed: 9054119435792136407

179 Crumbo the Firebug (level 5, -1/42 HPs)
             Began as a Deep Elf Fire Elementalist on Oct 28, 2021.
             Slain by an orc (2 damage)
             ... on level 3 of the Dungeon.
             The game lasted 00:16:12 (2520 turns).

Crumbo the Firebug (Deep Elf Fire Elementalist)     Turns: 2520, Time: 00:16:13

Health: -1/42      AC: 22    Str:  5      XL:     5   Next: 33%
Magic:  7/13       EV:  2    Int: 20 (21) God:
Gold:   22         SH:  0    Dex: 13 (15) Spells: 11/12 levels left

rFire   . . .      SeeInvis .   (no weapon)
rCold   . . .      Faith    .   (no shield)
rNeg    . . .      Spirit   .   (armour currently unavailable)
rPois   +          Reflect  .   (helmet currently unavailable)
rElec   .          Harm     .   (cloak currently unavailable)
rCorr   .          Rampage  .   (gloves currently unavailable)
Will    .....      NoTele   +   (boots currently unavailable)
Stlth   ++........              h - amulet of the acrobat
HPRegen 1.14/turn               (no ring)
MPRegen 0.13/turn               (no ring)

@: brilliant, tree-form
A: stationary, stasis, torment immunity, boosted hp, regeneration 1
a: no special abilities


You were on level 3 of the Dungeon.
You were a tree.
You visited 1 branch of the dungeon, and saw 3 of its levels.

You collected 22 gold pieces.

Inventory:

Missiles
 g - 2 throwing nets
Armour
 a - a +0 robe (melded)
Jewellery
 h - an amulet of the acrobat (around neck)
Scrolls
 c - 3 scrolls of amnesia {unknown}
 d - a scroll of identify {unknown}
 i - a scroll of fog {unknown}


   Skills:
 + Level 3.3 Dodging
 + Level 2.9 Stealth
 + Level 4.4 Spellcasting
 * Level 3.2 Conjurations
 + Level 4.4 Fire Magic


You had 11 spell levels left.
You knew the following spells:

 Your Spells              Type           Power      Damage    Failure   Level
a - Foxfire               Conj/Fire      100%       2x1d9     2%          1

Your spell library contained the following spells:

 Spells                   Type           Power      Damage    Failure   Level
 Scorch                   Fire           66%        2d8       3%          2
 Conjure Flame            Conj/Fire      29%        6-21      8%          3
 Inner Flame              Hex/Fire       20%        N/A       14%         3
 Flame Wave               Conj/Fire      29%        3d7       26%         4


Dungeon Overview and Level Annotations

Branches:
Dungeon (3/15)

Altars:


Innate Abilities, Weirdness & Mutations

You are a tree.
Your roots penetrate the ground, keeping you stationary.
You cannot be teleported.
You are immune to unholy pain and torment.
Your maximum health is greatly increased.
Your equipment is partially melded.
Your natural rate of healing is unusually fast.


Message History

You cannot move. (Use ctrl+direction or * direction to attack without moving.)
The foxfire hits something but does no damage.
The orc wizard hits you but does no damage.
The adder bites you but does no damage. The orc hits you but does no damage.
Something completely misses you.
The orc wizard hits you with a +0 dagger.
* * * LOW HITPOINT WARNING * * *
The adder bites you but does no damage. The orc hits you but does no damage.
The adder bites you but does no damage. Something completely misses you.
The orc wizard hits you but does no damage.
The orc hits you but does no damage. The adder barely misses you.
Something hits you but does no damage.
The orc wizard gestures at you while chanting.
You resist with some effort. The adder bites you but does no damage.
The orc barely misses you.
You hear some strange, mumbled words.
A puff of flame appears from out of thin air!
The puff of flame hits you!
* * * LOW HITPOINT WARNING * * *
The orc wizard hits you but does no damage.
The adder bites you but does no damage. The orc hits you with a +0 club.
* * * LOW HITPOINT WARNING * * *
Something hits you but does no damage. The adder bites you but does no damage.
The orc wizard barely misses you. The orc hits you but does no damage.
You feel less confused. The adder bites you but does no damage.
Something completely misses you.
The orc wizard hits you but does no damage.
The adder bites you but does no damage. The orc hits you but does no damage.
Casting: Foxfire (safe; 2% risk of failure)
Confirm with . or Enter, or press ? or * to list all spells.
You feel a surge of power!
You conjure some foxfire!
You hear some strange, mumbled words.
A puff of flame appears from out of thin air!
The puff of flame hits you.
* * * LOW HITPOINT WARNING * * *
The orc wizard hits you but does no damage.
The adder bites you.
* * * LOW HITPOINT WARNING * * *
The orc hits you with a +0 club.
You die...

############.........#
.....................#
##...#######...).....# #...#
#......)..# #...# #.o.......#
#...# #...o.....### #...#
####.######...#
##...#####...).o####...#
...............S♣v.........o.o
...............o{v..#####.####
##########..........# # ######
#..........# #....#
#..........# #....#
#..........# #....#
#..........# #....#
#..........# ##....#


You could see an orc wizard, an adder and an orc.

Vanquished Creatures
  Terence (D:2)
  A killer bee zombie (D:3)
  Robin (D:2)
  4 adders
  A worm (D:2)
  A dart slug (D:2)
  2 orcs (D:3)
  4 bats
  3 endoplasms
  2 giant cockroaches
  12 goblins
  7 hobgoblins
  3 quokkas
  5 ball pythons
  7 frilled lizards
  8 kobolds
  24 rats
86 creatures vanquished.

Vanquished Creatures (others)
  191 foxfires
191 creatures vanquished.

Grand Total: 277 creatures vanquished

Notes
Turn   | Place    | Note
-------+----------+-------------------------------------------
     0 | D:1      | Crumbo the Deep Elf Fire Elementalist began the quest for
                  | the Orb.
     0 | D:1      | Reached XP level 1. HP: 10/10 MP: 6/6
   123 | D:1      | Reached XP level 2. HP: 10/15 MP: 1/8
   736 | D:1      | You fall into a shaft and drop 1 floor!
   736 | D:2      | Noticed Robin
  1199 | D:1      | Reached XP level 3. HP: 18/19 MP: 6/9
  1512 | D:2      | Killed Robin
  1547 | D:2      | Reached XP level 4. HP: 24/24 MP: 0/11
  1862 | D:2      | Found a faded altar of an unknown god.
  2023 | D:2      | Noticed Terence
  2042 | D:2      | Killed Terence
  2236 | D:3      | Reached XP level 5. HP: 28/28 MP: 9/13
  2507 | D:3      | Gained mutation: Your natural rate of healing is unusually
                  | fast. [potion of mutation]
  2517 | D:3      | HP: 2/42 [orc (2)]
  2520 | D:3      | Slain by an orc

Illustrated notes

Levels and vault maps discovered:
D:1:      lemuel_arrival_tunnels, layout_loops_ring
D:2:      layout_rooms, ebering_ecumenical_altar_box, st_stairs_1,
          minmay_rat_hole, uniq_terence, uniq_robin
D:3:      layout_basic, uniq_crazy_yiuf_cottage

Skill      XL: |  1  2  3  4 |
---------------+-------------+-----
Fire Magic     | 4 |  4.4
Conjurations   | 2 3 |  3.2
Dodging        | 3 |  3.3
Spellcasting   | 4 |  4.4
Stealth        | |  2.9

Action                   |  1- 3 |  4- 6 || total
-------------------------+-------+-------++-------
Melee: Unarmed           |    10 |    12 ||    22
 Cast: Foxfire           |    52 |    55 ||   107
  Use: Potion            |       |     6 ||     6
       Scroll            |       |     1 ||     1
Armor: Robe              |     9 |     5 ||    14
       Skin              |       |   137 ||   137
Dodge: Dodged            |    23 |    43 ||    66

Table legend: (Time is in decaauts)
 A = Elapsed time spent in this place.
 B = Non-inter-level travel time spent in this place.
 C = Inter-level travel time spent in this place.
 D = Time resting spent in this place.
 E = Time spent auto-exploring this place.
 F = Levels seen in this place.
 G = Mean time per level.
                   A        B        C        D        E       F      G
               +--------+--------+--------+--------+--------+-----+--------+
         Total |   2520 |   2520 |      0 |     27 |   1814 |   3 |  840.0 |
       Dungeon |   2520 |   2520 |      0 |     27 |   1814 |   3 |  840.0 |
               +--------+--------+--------+--------+--------+-----+--------+

Top non-repeatable levels by time:
     D:1: 1306 daAuts
     D:2: 910 daAuts
     D:3: 303 daAuts
